Map: Blackpink LE

Players

Holly

  • Race: Protoss Protoss
  • Spawn Location: 1:00

ssy - Winner!

  • Race: Zerg Zerg
  • Spawn Location: 7:00

Event: WCS Leipzig 2018

VOD

Have the link to the VOD?

Description

Time

  • Played on: Jan. 26, 2018, 6:58 a.m.
  • Length: 11:19

All games in this series

Show
View Real Time Build Order
Export as new Build Order

Holly Protoss 

Build Orders: 1 Gate Expand, Oracle Opening 

Get SALT Encoding   

  12  0:01  Probe  
  13  0:13  Probe  
  14  0:20  Pylon  
  14  0:25  Probe  
  15  0:38  Probe (Chrono Boost)  
  15  0:39  Gateway  
  16  0:49  Probe (Chrono Boost), Assimilator  
  17  0:54  Probe (Chrono Boost)  
  18  1:04  Probe  
  19  1:17  Probe  
  20  1:25  Nexus  
  20  1:38  Cybernetics Core  
  20  1:40  Probe  
  20  1:45  Assimilator  
  21  1:52  Probe  
  22  1:55  Pylon  
  22  2:04  Probe  
  23  2:12  Probe  
  23  2:13  Adept (Chrono Boost)  
  23  2:15  Warp Gate  
  25  2:20  Probe  
  26  2:29  Stargate  
  27  2:31  Probe  
  28  2:37  Adept (Chrono Boost)  
  28  2:39  Probe  
  28  2:43  Probe  
  32  2:52  Probe  
  32  2:55  Probe  
  34  3:04  Probe  
  35  3:07  Probe  
  35  3:10  Oracle (Chrono Boost)  
  36  3:16  Probe  
  36  3:19  Probe  
  41  3:21  Pylon  
  41  3:24  Pylon  
  41  3:25  Gateway  
  41  3:28  Probe  
  41  3:31  Probe  
  43  3:40  Probe  
  44  3:43  Probe  
  44  3:46  Robotics Facility  
  43  3:52  Probe  
  43  3:53  Assimilator  
  45  3:55  Probe  
  45  3:57  Assimilator  
  45  4:04  Probe  
  45  4:06  Twilight Council  
  45  4:07  Probe  
  47  4:16  Probe, Phoenix (Chrono Boost)  
  48  4:19  Probe  
  51  4:28  Probe  
  51  4:30  Warp Prism (Chrono Boost)  
  52  4:31  Adept  
  52  4:32  Probe  
  52  4:37  Resonating Glaives (Chrono Boost)  
  57  4:49  Probe  
  58  4:53  Pylon  
  58  4:58  Sentry x2  
  62  5:02  Nexus  
  62  5:06  Pylon  
  62  5:07  Pylon  
  62  5:11  Immortal  
  62  5:13  Pylon  
  66  5:22  Pylon  
  66  5:24  Gateway  
  66  5:26  Gateway  
  66  5:27  Sentry x2  
  70  5:29  Gateway  
  70  5:38  Gateway x2  
  70  5:43  Gateway  
  70  5:51  Immortal (Chrono Boost)  
  70  5:52  Sentry x2  
  78  6:03  Gateway  
  78  6:20  Zealot  
  80  6:30  Observer (Chrono Boost)  
  80  6:37  Adept x3  
  86  6:42  Adept  
  88  6:47  Adept x2  
  88  6:48  Adept x2  
  96  7:01  Warp Prism  
  93  7:09  Adept x4  
  93  7:10  Adept x4  
  109  7:30  Adept x4  
  109  7:34  Pylon  
  115  7:37  Adept  
  105  7:47  Adept x3  
  107  7:57  Adept x3  
  107  7:58  Adept x2  
  77  8:05  Adept  
  70  8:10  Immortal (Chrono Boost)  
  56  8:17  Probe x2  
  56  8:18  Probe  
  57  8:20  Charge (Chrono Boost)  
  57  8:26  Templar Archives  
  57  8:28  Adept x4  
  57  8:30  Probe x3 (Chrono Boost)  
  68  8:38  Sentry x4  
  68  8:39  Adept, Probe x2 (Chrono Boost)  
  68  8:40  Probe (Chrono Boost), Psionic Storm  
  81  8:45  Probe, Immortal (Chrono Boost)  
  81  8:46  Probe  
  85  9:04  Probe  
  85  9:07  Adept x3  
  85  9:08  Probe  
  93  9:13  Probe  
  93  9:15  Forge  
  88  9:21  Immortal (Chrono Boost)  
  90  9:28  Assimilator  
  90  9:30  Assimilator  
  90  9:31  Zealot x3  
  90  9:32  High Templar x2  
  100  9:42  Pylon  
  100  9:45  Zealot x2  
  104  9:50  Immortal (Chrono Boost)  
  108  9:54  Zealot x3  
  108  9:57  Pylon  
  114  10:05  Forge  
  113  10:10  Adept x3  
  114  10:14  Zealot  
  114  10:17  Adept  
  118  10:29  High Templar  
  118  10:30  High Templar x2  
  118  10:31  Warp Prism  
  126  10:42  Zealot  
  126  10:47  Nexus  
  126  10:48  Stalker x2  
  109  11:04  Zealot  
  109  11:05  Zealot x5  
  109  11:15  Adept x2  
  109  11:16  Adept  
Show
View Real Time Build Order
Export as new Build Order

ssy Zerg - Winner!

Build Orders: Hatch First 

Get SALT Encoding   

  12  0:00  Drone  
  13  0:12  Overlord  
  13  0:16  Drone  
  14  0:31  Drone x2  
  14  0:34  Drone  
  17  0:51  Hatchery  
  17  0:54  Drone  
  17  0:57  Drone  
  18  1:07  Extractor  
  17  1:12  Spawning Pool  
  17  1:15  Drone  
  17  1:18  Drone  
  18  1:28  Drone  
  19  1:39  Overlord  
  19  1:58  Queen  
  19  2:00  Zergling x2  
  19  2:01  Zergling x2  
  23  2:03  Drone, Queen  
  23  2:08  Metabolic Boost  
  26  2:11  Drone  
  26  2:14  Drone  
  28  2:28  Drone x2  
  30  2:36  Hatchery  
  29  2:38  Drone  
  29  2:43  Drone, Overlord  
  31  2:49  Drone  
  32  2:55  Zergling x2  
  33  2:59  Drone  
  34  3:06  Queen  
  36  3:13  Drone x3  
  36  3:16  Drone x2  
  41  3:20  Overlord  
  41  3:22  Drone  
  42  3:29  Drone  
  42  3:32  Drone  
  44  3:34  Spore Crawler  
  44  3:35  Spore Crawler  
  44  3:39  Drone  
  44  3:40  Zergling x4  
  45  3:44  Drone x2  
  47  3:48  Drone  
  47  3:52  Drone x2  
  47  3:53  Drone  
  47  3:55  Queen  
  52  3:57  Drone  
  52  4:01  Drone, Overlord  
  52  4:02  Spore Crawler  
  53  4:04  Drone  
  53  4:05  Drone  
  53  4:08  Lair  
  55  4:11  Evolution Chamber  
  55  4:14  Spore Crawler  
  51  4:17  Drone x2  
  51  4:19  Drone x2  
  51  4:21  Drone x2  
  57  4:24  Overlord  
  57  4:27  Drone  
  58  4:34  Drone  
  58  4:35  Drone x2  
  61  4:40  Zergling x4  
  61  4:43  Drone x3, Extractor, Zerg Melee Weapons Level 1  
  61  4:44  Extractor  
  64  4:50  Drone x3  
  64  4:51  Drone x2  
  64  4:52  Drone x2  
  71  4:57  Overlord  
  71  5:01  Baneling Nest  
  71  5:06  Extractor  
  69  5:07  Extractor  
  69  5:08  Overlord x3  
  69  5:13  Overseer  
  68  5:14  Hydralisk Den  
  68  5:18  Overlord x2  
  68  5:20  Drone x4  
  68  5:21  Drone  
  72  5:22  Drone  
  72  5:26  Drone  
  72  5:27  Drone  
  75  5:29  Drone  
  75  5:32  Drone x2  
  75  5:33  Overlord  
  78  5:40  Drone  
  78  5:42  Hatchery  
  78  5:47  Overlord  
  78  5:48  Muscular Augments, Overlord  
  78  5:49  Hydralisk  
  80  5:55  Hydralisk x2  
  84  5:58  Hydralisk, Overlord  
  84  6:04  Hydralisk x2  
  86  6:06  Zergling x4  
  86  6:09  Hydralisk x2  
  96  6:13  Hydralisk  
  98  6:23  Hydralisk x3  
  104  6:26  Overlord  
  104  6:27  Overlord  
  104  6:30  Hydralisk x2  
  107  6:36  Hatchery  
  106  6:42  Zerg Melee Weapons Level 2  
  107  6:47  Drone x3, Extractor  
  107  6:53  Hydralisk x3  
  112  6:55  Zergling x12  
  112  6:57  Overlord  
  119  7:07  Zergling x4, Hydralisk x3  
  119  7:08  Zergling x4  
  129  7:15  Baneling x6  
  129  7:16  Zergling x10  
  129  7:22  Zergling x8  
  138  7:23  Zergling x2  
  138  7:27  Baneling x3  
  138  7:28  Baneling x5  
  138  7:29  Zergling x6  
  128  7:37  Zergling x2, Hydralisk  
  128  7:38  Zergling x8  
  123  7:47  Zergling x8, Hydralisk  
  120  7:57  Zergling x4, Hydralisk x4  
  120  7:58  Zergling x2  
  116  8:05  Centrifical Hooks  
  113  8:07  Overseer  
  113  8:10  Infestation Pit  
  113  8:11  Hydralisk  
  113  8:12  Zergling x8, Hydralisk  
  109  8:22  Drone x3  
  109  8:23  Drone x4  
  109  8:26  Hydralisk x2  
  116  8:29  Baneling x4  
  116  8:30  Baneling x3  
  116  8:31  Drone  
  121  8:41  Hydralisk x4  
  129  8:55  Overseer  
  125  8:58  Spire  
  125  8:59  Zergling x20  
  125  9:01  Extractor  
  131  9:02  Overlord  
  131  9:14  Zerg Missile Weapons Level 1  
  131  9:19  Overlord x2  
  131  9:20  Overlord  
  131  9:26  Spine Crawler, Overseer  
  131  9:27  Spine Crawler  
  131  9:28  Drone x5  
  134  9:35  Hive  
  134  9:41  Hatchery  
  134  9:42  Hydralisk x3  
  134  9:44  Zergling x2  
  140  9:47  Baneling x6  
  140  9:48  Baneling  
  140  9:51  Zergling x6  
  140  10:08  Zergling x16  
  146  10:24  Zergling x36  
  146  10:27  Baneling x10  
  146  10:28  Baneling  
  163  10:35  Zergling x14  
  169  10:43  Zergling x10  
  159  11:00  Zergling x26  
Tags
 
Add a new tag
Caveats
  • Supply blocks, unpowered buildings, or Contaminate may cause inaccurate times.
  • Supply counts are checked every 10 seconds.